 Dungeon Crawl Stone Soup version 0.18-a0-1702-gd20c6a5 (webtiles) character file.

103 wvc the Insei (level 4, -4/40 HPs)
             Began as a Draconian Monk on Apr 6, 2016.
             Slain by Crazy Yiuf
             ... wielding a +4 quarterstaff of chaos
              (14 damage)
             ... while paralysed by Crazy Yiuf
             ... on level 2 of the Dungeon.
             The game lasted 00:03:10 (1977 turns).

wvc the Insei (Draconian Monk)                      Turns: 1977, Time: 00:03:11

Health: -4/40      AC:  6    Str: 13    XL:     4   Next: 51%
Magic:  4/4        EV:  2    Int: 12    God:
Gold:   134        SH:  0    Dex: 13    Spells: 0 memorised, 3 levels left

rFire  . . .     SeeInvis .       - Unarmed
rCold  . . .     Gourm    .     (armour unavailable)
rNeg   . . .     Faith    .     (no shield)
rPois  .         Spirit   .     (helmet restricted)
rElec  .         Dismiss  .     (no cloak)
rCorr  .         Reflect  .     e - +0 pair of gloves
SustAt .         Harm     .     (no boots)
MR     .....                    (no amulet)
Stlth  ++........               (no ring)
                                (no ring)

@: paralysed, not resistant to hostile enchantments, unstealthy
A: unfitting armour, cold-blooded, AC +5
a: no special abilities


You were on level 2 of the Dungeon.
You were not hungry.

You visited 1 branch of the dungeon, and saw 2 of its levels.

You collected 134 gold pieces.

Inventory:

Armour
 e - a +0 pair of gloves (worn)
Jewellery
 f - an uncursed amulet of faith
Wands
 h - a wand of random effects (9/48)
Scrolls
 b - 3 scrolls of noise
 d - a scroll of identify
 i - a scroll of enchant weapon {unknown}
Potions
 a - a potion of might {unknown}
 c - 3 potions of curing
 g - a potion of magic {unknown}
 j - a potion of degeneration {unknown}
 k - a potion of berserk rage {unknown}
Comestibles
 m - a bread ration


   Skills:
 + Level 4.0 Fighting
 + Level 3.2 Dodging
 - Level 1.7 Stealth
 * Level 5.2 Unarmed Combat


You had 3 spell levels left.
You didn't know any spells.

Dungeon Overview and Level Annotations

Branches:
Dungeon (2/15)

Altars:

Annotations:
D:2 Crazy Yiuf


Innate Abilities, Weirdness & Mutations

Your plain brown scales are hard (AC +5).
Your body does not fit into most forms of armour.
You are cold-blooded and may be slowed by cold attacks.


Message History

Nothing appears to happen.
Evoking this partially-identified wand wasted a few charges.
A bat comes into view.
Crazy Yiuf closely misses you.
You hit Crazy Yiuf but do no damage.
Your tail-slap misses Crazy Yiuf.
Crazy Yiuf is severely wounded.
The bat closely misses you.
Crazy Yiuf hits you with a quarterstaff of chaos.
Crazy Yiuf freezes you.
You feel yourself slow down.
You closely miss Crazy Yiuf.
Crazy Yiuf is severely wounded.
You feel less confused. The bat misses you.
The bat hits you but does no damage.
Crazy Yiuf hits you with a quarterstaff of chaos!
* * * LOW HITPOINT WARNING * * *
You suddenly lose the ability to move!
You feel yourself speed up. The bat hits you but does no damage.
Crazy Yiuf hits you with a quarterstaff of chaos!
You die...

#. #. ♣♣♣♣♣## ####'
#####♣♣♣.♣...### .. #....
#...#♣..♣.PP...## ...# ###....
#.....♣♣♣♣......# ....# #..)...
#)..#♣♣ ♣♣P.#†.##....# #.#....
##### ♣♣##gb......# #.#....
#@..#.#.####.#####
#.................
###############...#.#.####.#####
#.##..............#.#.####.####
#..'.........>................##
####..............#........##..#
#........##....###.########.#
#........##........##.#####.#
#........############........


You could see Crazy Yiuf and a bat.

Vanquished Creatures
  Terence (D:2)
  Robin (D:2)
  An adder (D:2)
  An ooze (D:1)
  A worm (D:2)
  A dart slug (D:2)
  3 giant cockroaches (D:2)
  11 goblins
  8 hobgoblins
  4 jackals
  2 quokkas (D:2)
  4 bats (D:1)
  3 kobolds
  6 rats
47 creatures vanquished.

Vanquished Creatures (collateral kills)
  A kobold (D:2)
1 creature vanquished.

Grand Total: 48 creatures vanquished

Notes
Turn   | Place    | Note
--------------------------------------------------------------
     0 | D:1      | wvc the Draconian Monk began the quest for the Orb.
     0 | D:1      | Reached XP level 1. HP: 19/19 MP: 1/1
   101 | D:1      | Reached XP level 2. HP: 20/26 MP: 2/2
  1184 | D:2      | Reached XP level 3. HP: 31/33 MP: 3/3
  1236 | D:2      | Noticed Terence
  1271 | D:2      | Killed Terence
  1538 | D:2      | Reached skill level 5 in Unarmed Combat
  1538 | D:2      | Reached XP level 4. HP: 36/40 MP: 4/4
  1573 | D:2      | Noticed Robin
  1631 | D:2      | Killed Robin
  1941 | D:2      | Noticed Crazy Yiuf
  1976 | D:2      | Paralysed by Crazy Yiuf for 2 turns
  1977 | D:2      | Slain by Crazy Yiuf

Vault maps used:
D:1:      denvon_arrival_waterhouse
D:2:      uniq_terence, uniq_crazy_yiuf_cottage, uniq_robin

Skill      XL: |  1  2  3  4 |
---------------+-------------+-----
Dodging        | 3 |  3.2
Unarmed Combat | 5 |  5.2
Fighting       | 4 |  4.0
Stealth        | |  1.7

Action                   |  1- 3 |  4- 6 || total
-------------------------+-------+-------++-------
Melee: Unarmed           |   144 |    68 ||   212
Evoke: Wand              |       |     3 ||     3
  Use: Scroll            |       |     4 ||     4
 Stab: Sleeping          |     3 |     1 ||     4
       Distracted        |     1 |       ||     1
  Eat: Chunk             |     1 |       ||     1
       Bread ration      |     1 |       ||     1
